 Dungeon Crawl Stone Soup version 0.32-a0-666-ge8a88695a4 (webtiles) character file.

Game seed: 17223891830184314815

2853 Esekla the Covert (level 9, -13/64 HPs)
             Began as an Octopode Delver on Mar 10, 2024.
             Was an Initiate of Gozag.
             Mangled by a komodo dragon (24 damage)
             ... on level 6 of the Dungeon.
             The game lasted 00:50:23 (6678 turns).

Esekla the Covert (Octopode Delver)                 Turns: 6678, Time: 00:50:24

Health: -13/64     AC:  1    Str: 18    XL:     9   Next: 75%
Magic:  0/23       EV: 15    Int: 16    God:    Gozag
Gold:   261        SH:  0    Dex: 13    Spells: 11/15 levels left

rFire   . . .        a - +4 long sword (holy)
rCold   . . .        (no shield)
rNeg    + . .        (helmet restricted)
rPois   .            v - amulet of guardian spirit
rElec   .            g - +6 ring of strength
rCorr   +            k - ring of willpower
SInv    .            l - ring of wizardry
Will    +....        q - ring of positive energy
Stlth   ++++++       F - ring of resist corrosion
HPRegen 0.30/turn    y - ring of magical power
MPRegen 0.18/turn    (no ring)
                     (no ring)

%: guardian spirit, wizardry (x1)
@: no status effects
A: almost no armour, amphibious, 8 rings, camouflage 1, gelatinous body 1,
nimble swimmer 1, tentacles
a: Renounce Religion, Potion Petition, Call Merchant, Bribe Branch


You were on level 6 of the Dungeon.
You worshipped Gozag.
Gozag was aware of your devotion.
You visited 2 branches of the dungeon, and saw 7 of its levels.

You collected 1154 gold pieces.
You spent 221 gold pieces at shops.
You paid 672 gold pieces to Gozag.

Inventory:

Hand Weapons
 a - a +4 long sword of holy wrath (weapon)
 r - a +0 trident
 s - a +0 dagger
Missiles
 G - a poisoned dart (quivered)
Jewellery
 g - a +6 ring of strength (left tentacle)
 k - a ring of willpower (right tentacle)
 l - a ring of wizardry (on tentacle)
 q - a ring of positive energy (on tentacle)
 t - a ring of ice
 v - an amulet of guardian spirit (around mantle)
 y - a ring of magical power (on tentacle)
 F - a ring of resist corrosion (on tentacle)
Wands
 f - a wand of digging (3)
 i - a wand of flame (13)
 C - a wand of charming (11)
 H - a wand of polymorph (7)
Scrolls
 b - a scroll of fog
 c - 2 scrolls of poison
 d - a scroll of identify
 h - 2 scrolls of enchant weapon {unknown}
 m - 2 scrolls of teleportation
 p - a scroll of amnesia {unknown}
 u - 5 scrolls of blinking
 x - a scroll of summoning {unknown}
 A - 3 scrolls of enchant armour
 B - 3 scrolls of fear
 E - a scroll of immolation {unknown}
Potions
 e - a potion of ambrosia
 j - 3 potions of haste
 n - 3 potions of heal wounds
 o - a potion of enlightenment
 w - a potion of mutation
 z - 2 potions of curing
 D - 2 potions of invisibility {unknown}


   Skills:
 * Level 7.0 Fighting
 + Level 1.0(3.4) Short Blades
 + Level 5.2(5.3) Long Blades
 + Level 1.9 Throwing
 * Level 5.9 Dodging
 + Level 9.5 Stealth
 * Level 3.9 Spellcasting
 + Level 0.3 Conjurations
 * Level 4.8 Translocations


You had 11 spell levels left.
You knew the following spells:

 Your Spells              Type           Power      Damage    Failure   Level
a - Magic Dart            Conj           16%        1d3       6%          1
b - Blink                 Tloc           36%        N/A       1%          2
p - Apportation           Tloc           36%        N/A       1%          1

Your spell library contained the following spells:

 Spells                   Type           Power      Damage    Failure   Level
 Foxfire                  Conj/Fire      12%        2x1d4     6%          1
 Call Imp                 Summ           6%         N/A       11%         2
 Jinxbite                 Hex            6%         N/A       11%         2
 Call Canine Familiar     Summ           3%         N/A       21%         3
 Sigil of Binding         Hex            3%         N/A       21%         3
 Dimensional Bullseye     Hex/Tloc       5%         N/A       26%         4
 Alistair's Intoxication  Alch           2%         N/A       86%         5
 Plasma Beam              Fire/Air       1%         2x1d11    100%        6
 Starburst                Conj/Fire      1%         6d3       100%        6


Dungeon Overview and Level Annotations

Branches:
Dungeon (6/15)             Temple (1/1) D:5

Altars:
Ashenzari
Cheibriados
Dithmenos
Elyvilon
Fedhas
Gozag
Hepliaklqana
Kikubaaqudgha
Makhleb
Nemelex Xobeh
Okawaru
Qazlal
Ru
Sif Muna
Trog
Uskayaw
Vehumet
Wu Jian
Xom
Yredelemnul
Zin
The Shining One

Shops:
D:5 (   D:6 :


Innate Abilities, Weirdness & Mutations

You cannot wear most types of armour.
You are amphibious.
You can wear up to eight rings at the same time.
Your skin changes colour to match your surroundings (Stealth+).
Your rubbery body absorbs attacks. (AC +1, EV +1)
You are camouflaged when in or above water. (Stealth+)
You have tentacles for arms and can constrict up to eight enemies at once.


Message History

G - a poisoned dart
Items here: )) [[.
You see here a +0 war axe.
You enter the deep water.
You hit the komodo dragon.
The komodo dragon is lightly wounded.
The komodo dragon bites you.
You hit the komodo dragon but do no damage.
You squeeze the komodo dragon.
The komodo dragon is lightly wounded.
The komodo dragon bites you!!
You hit the komodo dragon.
You squeeze the komodo dragon, but do no damage.
The komodo dragon is lightly wounded.
The komodo dragon closely misses you.
You slash the komodo dragon!
The komodo dragon is moderately wounded.
The komodo dragon bites you. The komodo dragon bites you!
You closely miss the komodo dragon.
The komodo dragon is moderately wounded.
The komodo dragon bites you.
You slash the komodo dragon!
The komodo dragon is severely wounded.
The komodo dragon bites you!
You barely miss the komodo dragon.
The komodo dragon is severely wounded.
The komodo dragon bites you!
* * * LOW HITPOINT WARNING * * *
You completely miss the komodo dragon. You squeeze the komodo dragon!
The komodo dragon is almost dead.
The komodo dragon bites you!
* * * LOW HITPOINT WARNING * * *
You hit the komodo dragon. Your squeeze misses the komodo dragon.
The komodo dragon is almost dead.
The komodo dragon misses you.
You hit the komodo dragon.
The komodo dragon is almost dead.
The komodo dragon bites you!!
You die...
Your body crumbles into a pile of gold.

#.#.# #.# #.#.# #.#
#.#)♣♣♣♣♣♣♣♣♣.#
#.#♣..≈≈≈≈≈..♣#
#.#♣.≈.....≈.♣
#.#♣.≈.≈≈≈.≈.♣
#.#♣.≈≈...≈≈.♣
#..♣.≈≈._.≈≈.♣
##.♣.≈≈...≈@.♣
#.♣.≈.≈≈≈.l.♣ #.♣.≈.....≈)♣
#.♣..≈≈≈≈≈.)♣# #########
#..♣♣♣♣♣♣♣♣♣[# #........
#.........l..######.#######
##.).........#...##.# ##)..
#.............#..#.###....
#...........####...##.....


You could see a komodo dragon.

Vanquished Creatures
  Pikel (D:4)
  Grinder (D:4)
  Edmund (D:6)
  A water moccasin (D:6)
  Duvessa (D:4)
  A black bear (D:3)
  A sky beast (D:6)
  3 ogres
  An orc warrior (D:6)
  A centaur (D:6)
  2 phantoms
  4 lemures (D:4)
  Blork the orc (D:6)
  2 scorpions (D:6)
  A wight (D:6)
  Dowan (D:4)
  A howler monkey (D:5)
  A bombardier beetle (D:5)
  A jelly (D:6)
  6 hounds
  A gnoll bouda (D:5)
  4 orc priests (D:6)
  A sleepcap (D:5)
  3 iguanas
  Ijyb (D:5)
  Terence (D:3)
  An orc wizard (D:6)
  7 gnolls
  9 adders
  A shadow imp (D:6)
  2 ufetubi (D:6)
  A dart slug (D:1)
  2 ribbon worms (D:2)
  6 orcs
  6 endoplasms
  2 giant cockroaches
  5 goblins
  3 hobgoblins
  4 jackals (D:1)
  7 quokkas
  5 ball pythons
  5 bats
  3 frilled lizards
  7 kobolds
  4 rats
123 creatures vanquished.

Notes
Turn   | Place    | Note
-------+----------+-------------------------------------------
     0 | D:5      | Esekla the Octopode Delver began the quest for the Orb.
     0 | D:5      | Reached XP level 1. HP: 16/16 MP: 1/1
    19 | D:5      | Noticed an iguana
    27 | D:5      | Found a staircase to the Ecumenical Temple.
    29 | D:5      | Noticed a bombardier beetle
    33 | Temple   | Entered the Ecumenical Temple
    66 | Temple   | Became a worshipper of Gozag Ym Sagoz the Greedy
   115 | D:5      | Noticed a gnoll bouda
   178 | D:4      | Noticed Duvessa
   190 | D:4      | Reached XP level 2. HP: 17/21 MP: 2/2
   306 | D:4      | Noticed a black bear
   377 | D:3      | Reached skill level 7 in Stealth
   450 | D:3      | Noticed Terence
   760 | D:1      | Reached XP level 3. HP: 26/26 MP: 3/3
  1347 | D:2      | Found a basalt altar of Yredelemnul.
  1362 | D:2      | Reached XP level 4. HP: 30/31 MP: 5/5
  1663 | D:3      | Found a basalt altar of Yredelemnul.
  1687 | D:3      | Learned a level 1 spell: Magic Dart
  1690 | D:3      | Learned a level 2 spell: Blink
  2109 | D:3      | Reached skill level 1 in Spellcasting
  2258 | D:4      | Reached skill level 1 in Translocations
  2301 | D:4      | Learned a level 1 spell: Apportation
  2317 | D:4      | Noticed an ogre
  2327 | D:4      | Reached XP level 5. HP: 32/36 MP: 4/6
  2328 | D:4      | Noticed Grinder
  2519 | D:4      | Noticed Dowan
  2676 | D:4      | Noticed a lemure
  2676 | D:4      | Noticed a lemure
  2960 | D:5      | Noticed Ijyb
  3053 | D:5      | Noticed a phantom
  3084 | D:5      | Killed a phantom
  3085 | D:5      | Reached skill level 8 in Stealth
  3085 | D:5      | Reached XP level 6. HP: 6/43 MP: 2/8
  3556 | D:4      | Killed Grinder
  3557 | D:4      | Reached XP level 7. HP: 35/49 MP: 10/10
  3613 | D:5      | Killed Ijyb
  4146 | D:4      | Noticed Pikel
  4157 | D:4      | Killed Pikel
  4158 | D:4      | Reached skill level 5 in Fighting
  4158 | D:4      | Reached skill level 1 in Short Blades
  4158 | D:4      | Reached skill level 1 in Throwing
  4158 | D:4      | Reached skill level 9 in Stealth
  4158 | D:4      | Reached XP level 8. HP: 14/55 MP: 5/12
  4788 | D:6      | Noticed a komodo dragon
  5074 | D:3      | Killed Terence
  5283 | D:5      | Bought a glowing long sword for 221 gold pieces
  5336 | D:6      | Reached XP level 9. HP: 44/62 MP: 14/14
  5387 | D:6      | Noticed Blork the orc
  5393 | D:6      | Found a shimmering altar of Xom.
  5403 | D:6      | Killed Blork the orc
  5411 | D:6      | Reached skill level 5 in Dodging
  5421 | D:6      | Noticed Edmund
  6039 | D:6      | Killed Edmund
  6040 | D:6      | Reached skill level 5 in Long Blades
  6113 | D:6      | Found Oleidgh's Book Shoppe.
  6113 | D:6      | Noticed a walking frostbound tome
  6114 | D:6      | Noticed a walking frostbound tome
  6403 | D:4      | Killed Duvessa
  6406 | D:4      | Killed Dowan
  6678 | D:6      | Mangled by a komodo dragon

Illustrated notes

Levels and vault maps discovered:
D:1:      heliophobic_arrival_ceremonial_halls, layout_basic
D:2:      layout_rooms, basic_altar, nicolae_houndstooth_variations
D:3:      layout_rooms, mainiacjoe_overflow_alcove_2, serial_glass,
          glass_columns_a, glass_columns_b, glass_columns_a, glass_columns_c,
          glass_columns_a, glass_columns_a, glass_columns_b, glass_columns_a,
          glass_columns_c, glass_columns_a, glass_columns_c, glass_columns_a,
          glass_columns_a, glass_columns_a, minmay_strange_pillars,
          st_stairs_11, roderic_serpentine_path, uniq_terence
D:4:      layout_loops_ring, chequers_avenue, hangedman_decor_diamond_cutter,
          minmay_mini_jars, uniq_duvessa, uniq_pikel, uniq_grinder
D:5:      layout_basic, minmay_temple_entry_ruins, uniq_ijyb
D:6:      minmay_opposing_rooms, layout_basic, mainiacjoe_overflow_paths,
          serial_shops, nicolae_shop_mannequins, uniq_blork_the_orc, uniq_edmund
Temple:   mainiacjoe_temple_cubbyholes

Skill      XL: |  1  2  3  4  5  6  7  8  9 |
---------------+----------------------------+-----
Stealth        | 7 8 9 |  9.5
Spellcasting   | 1 2 3 |  3.9
Translocations | 1 2 3 4 |  4.8
Fighting       | 4 5 6 7 |  7.0
Dodging        | 3 4 5 |  5.9
Short Blades   | 1 |  1.0
Long Blades    | 3 4 5 |  5.2
Throwing       | 1 |  1.9
Conjurations   | |  0.3

Action                     |  1- 3 |  4- 6 |  7- 9 || total
---------------------------+-------+-------+-------++-------
  Melee: Falchion          |    33 |    49 |    62 ||   144
         Constrict         |    11 |     9 |    38 ||    58
         Tentacles         |     9 |    10 |    49 ||    68
         Dagger            |    22 |    12 |    11 ||    45
         Long sword        |       |       |    96 ||    96
  Throw: Dart              |       |     5 |    14 ||    19
   Cast: Magic Dart        |       |     8 |     8 ||    16
         Blink             |       |     4 |     6 ||    10
         Apportation       |       |       |     3 ||     3
 Invoke: Call Merchant     |       |       |     1 ||     1
    Use: Scroll            |     2 |     6 |     7 ||    15
         Potion            |     1 |       |     1 ||     2
   Stab: Sleeping          |    17 |    12 |     6 ||    35
         Distracted        |     1 |       |     1 ||     2
 Armour: Skin              |    21 |    34 |    97 ||   152
  Dodge: Dodged            |    21 |    31 |    83 ||   135

Table legend: (Time is in decaauts)
 A = Elapsed time spent in this place.
 B = Non-inter-level travel time spent in this place.
 C = Inter-level travel time spent in this place.
 D = Time resting spent in this place.
 E = Time spent auto-exploring this place.
 F = Levels seen in this place.
 G = Mean time per level.
                   A        B        C        D        E       F      G
               +--------+--------+--------+--------+--------+-----+--------+
         Total |   6679 |   6315 |    364 |   1078 |    991 |   7 |  954.1 |
       Dungeon |   6615 |   6272 |    343 |   1078 |    991 |   6 | 1102.5 |
        Temple |     64 |     43 |     21 |      0 |      0 |   1 |   64.0 |
               +--------+--------+--------+--------+--------+-----+--------+

Top non-repeatable levels by time:
     D:4: 1637 daAuts
     D:5: 1408 daAuts
     D:6: 1221 daAuts
     D:3: 1107 daAuts
     D:2: 709 daAuts
     D:1: 531 daAuts
  Temple: 64 daAuts
